 Dungeon Crawl Stone Soup version 0.29.1-12-g30fa7ad0bf (webtiles) character file.

Game seed: 4157235708334584847

804 EarthwalkerPL the Trooper (level 7, -2/63 HPs)
             Began as a Minotaur Fighter on Dec 16, 2022.
             Was a Believer of Okawaru.
             Slain by Joseph
             ... wielding a +0 quarterstaff
              (8 damage)
             ... on level 8 of the Dungeon.
             The game lasted 00:08:55 (4057 turns).

EarthwalkerPL the Trooper (Minotaur Fighter)        Turns: 4057, Time: 00:08:56

Health: -2/63      AC:  7    Str: 23    XL:     7   Next: 60%
Magic:  6/6        EV: 11    Int:  5    God:    Okawaru [**....]
Gold:   188        SH:  5    Dex:  9    Spells: 6/6 levels left

rFire   . . .      SeeInvis .   a - +0 war axe
rCold   . . .      Faith    .   c - +0 buckler
rNeg    + . .      Spirit   .   r - +1 ring mail {rN+}
rPois   .          Reflect  .   (helmet restricted)
rElec   .          Harm     .   (no cloak)
rCorr   .          Rampage  .   (no gloves)
Will    .....                   (no boots)
Stlth   ..........              (no amulet)
HPRegen 0.20/turn               (no ring)
MPRegen 0.10/turn               (no ring)

@: no status effects
A: horns 2, retaliatory headbutt
a: Renounce Religion, Heroism


You were on level 8 of the Dungeon.
You worshipped Okawaru.
Okawaru was pleased with you.
You visited 1 branch of the dungeon, and saw 6 of its levels.

You collected 188 gold pieces.

Inventory:

Hand Weapons
 a - a +0 war axe (weapon)
 e - a +1 trident of freezing
Missiles
 q - 6 javelins (quivered)
 G - a throwing net
Armour
 b - a +0 scale mail
 c - a +0 buckler (worn)
 r - a +1 ring mail of positive energy (worn)
Jewellery
 n - an amulet of guardian spirit
Wands
 p - a wand of polymorph (9)
 x - a wand of digging (6)
Scrolls
 f - a scroll of butterflies {unknown}
 g - 2 scrolls of enchant weapon {unknown}
 j - 6 scrolls of identify {unknown}
 k - 2 scrolls of teleportation {unknown}
 l - a scroll of brand weapon {unknown}
 m - 3 scrolls of fear {unknown}
 o - a scroll of vulnerability {unknown}
 u - 2 scrolls of amnesia {unknown}
 y - a scroll of noise {unknown}
 F - a scroll of blinking {unknown}
Potions
 d - a potion of might
 h - a potion of attraction {unknown}
 i - a potion of curing {unknown}
 s - a potion of magic {unknown}
 t - a potion of brilliance {unknown}
 v - a potion of berserk rage {unknown}
 w - 2 potions of resistance
 z - 2 potions of cancellation {unknown}
 A - 3 potions of heal wounds {unknown}
 B - a potion of invisibility {unknown}
 C - 2 potions of flight {unknown}
 D - a potion of degeneration {unknown}
 E - a potion of haste {unknown}


   Skills:
 * Level 6.1 Fighting
 * Level 5.1(5.3) Axes
 - Level 2.0(3.8) Polearms
 * Level 6.0 Armour
 + Level 2.6 Dodging
 * Level 5.7 Shields


You had 6 spell levels left.
You didn't know any spells.
Your spell library contained the following spells:

 Spells                   Type           Power      Damage    Failure   Level
 Gell's Gravitas          Tloc           0%         N/A       97%         3
 Lesser Beckoning         Tloc           0%         N/A       97%         3
 Teleport Other           Tloc           0%         N/A       97%         3
 Summon Ice Beast         Ice/Summ       Unusable   N/A       N/A         4
 Summon Mana Viper        Hex/Summ       Unusable   N/A       N/A         5
 Monstrous Menagerie      Summ           Unusable   N/A       N/A         7

Dungeon Overview and Level Annotations

Branches:
Dungeon (5/15)
 Temple: D:4-7

Altars:
Elyvilon
Gozag
Okawaru
Ru

Shops:
D:2 !

Annotations:
D:8 Joseph


Innate Abilities, Weirdness & Mutations

You have a pair of horns on your head.
You reflexively headbutt those who attack you in melee.


Message History

Maggie shouts!
Maggie drinks a potion.
Maggie suddenly seems more resistant.
Maggie hits you with a +2 vorpal scimitar!
You hit Maggie.
Maggie is lightly wounded.
Maggie hits you with a +2 vorpal scimitar!
You are too injured to fight recklessly!
You slash Maggie!
Maggie is moderately wounded.
You hear a shout!
Maggie hits you with a +2 vorpal scimitar!
* * * LOW HITPOINT WARNING * * *
x2 You slash Maggie!
You headbutt Maggie!
Maggie is severely wounded.
Joseph, a Mercenary comes into view.
He is wielding a +0 quarterstaff.
Maggie gestures wildly while chanting.
Maggie attempts to bespell you!
You are mesmerised by Maggie!
You barely miss Maggie.
Maggie is severely wounded.
You barely miss Joseph. Joseph hits you with a +0 quarterstaff!
* * * LOW HITPOINT WARNING * * *
You block Maggie's attack.
You slash Maggie!
Maggie is almost dead.
You barely miss Joseph. You block Joseph's attack.
Maggie casts a spell.
Maggie draws you further into her thrall.
You slash Maggie!
You break out of your daze!
You kill Maggie!
Okawaru is honoured by your kill.
You closely miss Joseph. Joseph hits you with a +0 quarterstaff.
* * * LOW HITPOINT WARNING * * *
Your Fighting skill increases to level 6!
Your Axes skill increases to level 5!
Your Armour skill increases to level 6!
You slash Joseph!
Joseph is lightly wounded.
Joseph hits you with a +0 quarterstaff!
You die...

## #. #. ##. .. # #.
.# #@#####.#
########)@.#...
#.......##.#.### ###
#.......##.....##....
#........###.........
#.........##...##....
#....)..#.....### ##
#...............#
##########.#.##.#
#.#.##.#


You could see Joseph.

Vanquished Creatures
  Maggie (D:8)
  Duvessa (D:4)
  A necrophage (D:4)
  Dowan (D:4)
  2 hounds
  Jessica (D:2)
  Terence (D:2)
  An iguana (D:4)
  8 gnolls
  5 adders
  2 worms
  2 dart slugs
  5 endoplasms
  2 giant cockroaches
  8 goblins
  8 hobgoblins
  8 jackals
  10 kobolds
  2 quokkas (D:1)
  7 ball pythons
  6 bats
  4 frilled lizards
  8 rats
94 creatures vanquished.

Notes
Turn   | Place    | Note
-------+----------+-------------------------------------------
     0 | D:1      | EarthwalkerPL the Minotaur Fighter began the quest for the
                  | Orb.
     0 | D:1      | Reached XP level 1. HP: 19/19 MP: 0/0
    70 | D:1      | Found a faded altar of an unknown god.
    83 | D:1      | Reached XP level 2. HP: 24/27 MP: 1/1
   698 | D:2      | Reached XP level 3. HP: 33/33 MP: 2/2
   740 | D:2      | Found an iron altar of Okawaru.
   748 | D:2      | Became a worshipper of Warmaster Okawaru
   787 | D:2      | Noticed Jessica
   790 | D:2      | Killed Jessica
   791 | D:2      | Reached skill level 1 in Polearms
   815 | D:3      | Reached XP level 4. HP: 13/40 MP: 3/3
  1048 | D:2      | Reached skill level 1 in Dodging
  1190 | D:2      | Noticed Terence
  1200 | D:2      | Killed Terence
  1201 | D:2      | Reached XP level 5. HP: 41/47 MP: 4/4
  1512 | D:2      | Found Ynkyud's Distillery.
  1972 | D:3      | Found a sacrificial altar of Ru.
  2066 | D:3      | Found an opulent altar of Gozag.
  2094 | D:3      | Found a white marble altar of Elyvilon.
  2620 | D:4      | Noticed Dowan
  2622 | D:4      | Noticed Duvessa
  2955 | D:4      | Killed Duvessa
  2955 | D:4      | Reached * piety under Okawaru
  2956 | D:4      | Reached skill level 5 in Fighting
  2956 | D:4      | Reached skill level 5 in Armour
  2956 | D:4      | Reached XP level 6. HP: 5/56 MP: 5/5
  2960 | D:4      | Killed Dowan
  3279 | D:4      | Reached skill level 5 in Shields
  3749 | D:4      | Reached XP level 7. HP: 52/61 MP: 6/6
  4026 | D:5      | Entered Level 5 of the Dungeon
  4026 | D:5      | You fall into a shaft and drop 3 floors!
  4045 | D:8      | Noticed Maggie
  4053 | D:8      | Noticed Joseph
  4056 | D:8      | Killed Maggie
  4056 | D:8      | Reached ** piety under Okawaru
  4057 | D:8      | Reached skill level 5 in Axes
  4057 | D:8      | Slain by Joseph

Illustrated notes

Levels and vault maps discovered:
D:1:      dpeg_arrival_simpleton_c, layout_basic,
          hellmonk_ecumenical_altar_dog_temple
D:2:      layout_basic, serial_shops, shop, basic_altar, minmay_pentomino_t2,
          uniq_terence, uniq_jessica
D:3:      layout_loops_ring, nicolae_ru_great_annihilating_truth,
          mainiacjoe_overflow_concentric_impassable, elyvilon_altar_5
D:4:      layout_gridville, uniq_duvessa
D:5:      layout_rooms, minmay_temple_entry_waves
D:8:      layout_loops_cross, nicolae_kikubaaqudgha_miasma_corner,
          old_standard_altar, kennysheep_just_a_vault, uniq_joseph, uniq_erica,
          uniq_prince_ribbit1, uniq_grum, uniq_maggie

Skill      XL: |  1  2  3  4  5  6  7 |
---------------+----------------------+-----
Armour         | 4 5 6 |  6.0
Fighting       | 4 5 6 |  6.1
Axes           | 3 4 5 |  5.1
Polearms       | 1 2 |  2.0
Shields        | 4 5 |  5.7
Dodging        | 1 2 |  2.6

Action                   |  1- 3 |  4- 6 |  7- 9 || total
-------------------------+-------+-------+-------++-------
Melee: Trident           |    65 |    10 |       ||    75
       War axe           |     5 |   128 |    15 ||   148
       Headbutt          |    11 |    11 |     3 ||    25
       Unarmed           |       |     9 |       ||     9
 Stab: Confused          |       |     2 |       ||     2
       Paralysed         |       |     2 |       ||     2
       Invisible         |       |     1 |       ||     1
Armor: Scale mail        |    19 |     2 |       ||    21
       Ring mail         |       |    66 |     4 ||    70
       Skin              |       |     1 |       ||     1
Dodge: Dodged            |    27 |    87 |     4 ||   118
Block: Buckler           |    15 |    37 |     6 ||    58
